 Dungeon Crawl Stone Soup version 0.20.1-1-g8b1a95d (webtiles) character file.

210396 MJtheKandyman the Executioner (level 18, 0/176 HPs)
             Began as a Minotaur Fighter on Dec 27, 2017.
             Was the Champion of Makhleb.
             Killed from afar by Bai Suzhen (41 damage)
             ... with a torrent of water
             ... on level 3 of the Swamp.
             The game lasted 03:03:20 (33550 turns).

MJtheKandyman the Executioner (Minotaur Fighter)   Turns: 33550, Time: 03:03:21

Health: 0/176      AC: 32    Str: 31    XL:     18   Next: 18%
Magic:  22/22      EV: 14    Int:  5    God:    Makhleb [******]
Gold:   2302       SH:  0    Dex: 16    Spells: 17/17 levels left

rFire    + . .     SeeInvis +   a - +2 executioner's axe (venom)
rCold    + . .     Gourm    .   (shield currently unavailable)
rNeg     . . .     Faith    .   W - +9 scales of the Dragon King {rPois rF+ rC+ MR+}
rPois    +         Spirit   .   (helmet restricted)
rElec    .         Reflect  .   (no cloak)
rCorr    +         Harm     .   (no gloves)
MR       ++...                  y - +0 pair of boots of the Hills {Regen+ rCorr Str+3}
Stlth    ..........             l - amulet of rage
Regen    0.8/turn               e - ring of see invisible
MPRegen  0.2/turn               j - +5 ring of dexterity

@: drained
A: retaliatory headbutt, horns 2
}: 1/15 runes: serpentine
a: Minor Destruction, Lesser Servant of Makhleb, Major Destruction, Greater
Servant of Makhleb, Renounce Religion, Evoke Berserk Rage


You were on level 3 of the Swamp.
You worshipped Makhleb.
Makhleb was exalted by your worship.
You were not hungry.

You visited 6 branches of the dungeon, and saw 31 of its levels.
You also visited: Ossuary.

You collected 2973 gold pieces.
You spent 671 gold pieces at shops.

Inventory:

Hand Weapons
 a - a +2 executioner's axe of venom (weapon)
 o - a +5 battleaxe of draining
 D - a +0 battleaxe
 E - a +0 battleaxe of venom
 F - a +0 flail of venom
 V - a +0 battleaxe
Armour
 c - the +3 ring mail of the Guilds {rElec rN++, unknown}
   (You found it on level 1 of the Snake Pit)

   It insulates you from electricity.
   It greatly protects you from negative energy.
 y - the +0 pair of boots of the Hills (worn) {Regen+ rCorr Str+3}
   (You found it on level 7 of the Dungeon)

   It affects your strength (+3).
   It increases your rate of regeneration.
   It protects you from acid and corrosion.
 W - the +9 scales of the Dragon King (worn) {rPois rF+ rC+ MR+}
   (You found it on level 11 of the Dungeon)

   It protects you from fire.
   It protects you from cold.
   It protects you from poison.
   It affects your resistance to hostile enchantments.
 X - +0 swamp dragon scales
Jewellery
 e - a ring of see invisible (left hand)
 j - a +5 ring of dexterity (right hand)
 l - an amulet of rage (around neck)
 n - an uncursed ring of positive energy
 u - an uncursed amulet of guardian spirit
 G - an uncursed ring of protection from magic
 Q - an uncursed amulet of the gourmand {unknown}
 S - an uncursed ring of protection from cold
Wands
 v - a wand of confusion (26/48)
 H - a wand of polymorph (16/24)
 K - a wand of digging (3/24)
 L - a wand of lightning (3/15)
 M - a wand of disintegration (12/24)
 O - a wand of flame (43/48)
 Y - a wand of disintegration (14/24)
Scrolls
 b - a scroll of holy word
 d - 12 scrolls of recharging
 k - 3 scrolls of identify
 p - 12 scrolls of remove curse
 s - 2 scrolls of blinking
 w - a scroll of torment
 z - 6 scrolls of teleportation
 A - 6 scrolls of enchant armour
 P - a scroll of fog
 R - a scroll of fear
 T - 3 scrolls of magic mapping
Potions
 g - 4 potions of haste
 h - 3 potions of cancellation
 q - a potion of invisibility
 r - 4 potions of brilliance
 t - 3 potions of flight
 B - 6 potions of curing
 J - a potion of magic
 U - 2 potions of might
 Z - a potion of agility
Books
 m - a book of Debilitation

   Spells                             Type                      Level
   a - Corona                         Hexes                        1
   b - Slow                           Hexes                        2
   c - Inner Flame                    Hexes/Fire                   3
   d - Portal Projectile              Hexes/Translocation          3
   e - Cause Fear                     Hexes                        4
   f - Leda's Liquefaction            Hexes/Earth                  4
 x - a book of Air

   Spells                             Type                      Level
   a - Shock                          Conjuration/Air              1
   b - Swiftness                      Charms/Air                   2
   c - Static Discharge               Conjuration/Air              3
   d - Airstrike                      Air                          4
   e - Lightning Bolt                 Conjuration/Air              5
 C - a book of Minor Magic

   Spells                             Type                      Level
   a - Magic Dart                     Conjuration                  1
   b - Blink                          Translocation                2
   c - Call Imp                       Summoning                    2
   d - Slow                           Hexes                        2
   e - Conjure Flame                  Conjuration/Fire             3
   f - Mephitic Cloud                 Conjuration/Poison/Air       3
Comestibles
 f - 17 bread rations
 i - 4 meat rations
 I - 4 fruits
 N - 5 royal jellies


   Skills:
 - Level 19.0(18.6) Fighting
 + Level 22.5(22.1) Axes
 - Level 17.8(17.4) Armour
 - Level 12.2(11.8) Dodging
   Level 3.6(3.3) Shields
 - Level 7.0(6.7) Evocations


You had 17 spell levels left.
You didn't know any spells.

Dungeon Overview and Level Annotations

Branches:
Dungeon (15/15)            Temple (1/1) D:5            Lair (6/6) D:10
  Swamp (3/4) Lair:3        Snake (4/4) Lair:3        Slime (0/5) Lair:6
    Orc (2/2) D:12            Elf (0/3) Orc:2        Vaults (0/5) D:13
 Depths (0/5) D:15

Altars:
Ashenzari
Cheibriados
Dithmenos
Elyvilon
Fedhas
Gozag
Hepliaklqana
Kikubaaqudgha
Makhleb
Nemelex Xobeh
Okawaru
Qazlal
Ru
Sif Muna
Trog
Uskayaw
Vehumet
Xom
Yredelemnul
Zin
The Shining One

Shops:
Orc:1 *   Orc:2 =%:%   Snake:2 [   Snake:3 :(**

Annotations:
D:3 Grinder
D:8 1 runed door
D:9 1 exclusion
D:13 Nessos
D:15 exclusion: Roxanne, Roxanne
Lair:3 exclusion: downstairs
Lair:5 exclusion: orange crystal statue
Swamp:3 Bai Suzhen


Innate Abilities, Weirdness & Mutations

You reflexively headbutt those who attack you in melee.
You have a pair of horns on your head.


Message History

The nine-headed hydra disappears in a puff of smoke!
You slash Bai Suzhen!
Bai Suzhen is poisoned.
You headbutt Bai Suzhen, but do no damage.
Bai Suzhen is almost dead.
You are standing in a thunderstorm.
Bai Suzhen twists and twirls her body through the storm.
Bai Suzhen bites you!
Bai Suzhen claws you but does no damage.
Bai Suzhen closely misses you.
You feel better.
You are standing in a thunderstorm.
Bai Suzhen bites you!
* * * LOW HITPOINT WARNING * * *
Bai Suzhen completely misses you. Bai Suzhen tramples you!
* * * LOW HITPOINT WARNING * * *
You stumble backwards!
Press: ? - help, v - describe, . - travel
Here: Bai Suzhen (almost dead, poisoned, slightly transparent)
The floor, spattered with blood.
Bai Suzhen breathes water at you. The torrent of water hits you!
You die...

♣♣≈.≈≈.♣♣ ♣♣♣♣♣..≈≈ ♣≈.≈≈≈≈.♣♣♣♣
♣♣♣ ♣♣♣♣♣..≈≈>≈≈≈ ♣♣...≈≈≈≈.♣≈♣
♣≈♣♣♣♣≈...≈≈≈..≈≈≈
♣.≈≈..≈≈≈.≈♣♣♣♣♣≈..♣..≈≈≈≈≈≈≈≈≈≈≈
♣.≈≈..>..≈...≈.♣.≈≈..≈≈≈≈≈≈≈≈≈≈≈≈
♣♣.≈....≈...≈..≈.≈≈≈≈≈≈≈≈≈≈≈...≈≈
♣....≈....♣.......♣.≈≈≈≈≈≈≈≈≈...
♣........≈♣.♣♣♣♣§§♣♣≈≈≈≈≈≈≈≈....
♣♣≈≈..§≈≈≈≈♣....@§D≈≈).≈≈≈≈≈≈..≈≈
♣≈.....≈.♣♣♣....≈♣♣♣≈≈.♣≈≈≈≈≈..≈♣
♣♣♣♣♣♣♣♣♣♣ ♣.♣♣♣♣♣≈.......).≈.≈♣♣
♣..........♣♣♣♣|.♣♣♣♣♣
♣....≈♣♣♣♣≈≈≈.........
♣.♣♣♣♣♣≈........≈≈♣≈..
♣..........♣≈♣≈≈≈.....
♣....≈♣♣♣≈♣♣.....!≈♣≈♣
♣.♣♣♣♣♣......≈≈≈..≈≈♣≈


You could see Bai Suzhen (invisible).

Vanquished Creatures
  Jorgrun (Swamp:3)
  Rupert (D:13)
  Kirke (D:14)
  3 thorn hunters (Swamp:2)
  6 nagarajas
  Aizul (Snake:1)
  The ghost of letownia2 the Cleaver, a journeyman DDNe of Gozag (Lair:6)
  Azrael (D:15)
  Josephine (D:10)
  Harold (D:12)
  The ghost of Phong the Geomancer, a journeyman OpEE of Sif Muna (Lair:1)
  11 hydras
  A ghost crab (Swamp:1)
  20 naga warriors
  5 alligators
  19 anacondas
  A catoblepas (Lair:6)
  2 dancing weapons (D:13)
  5 naga sharpshooters
  4 ogre magi (Orc:2)
  18 two-headed ogres
  An orc high priest (Orc:1)
  Urug (D:15)
  12 shock serpents
  Nergalle (D:12)
  7 salamander mystics
  7 skeletal warriors (D:15)
  An unseen horror (D:13)
  A glowing orange brain (D:15)
  9 naga ritualists
  6 lindwurms
  3 swamp dragons
  3 orc knights
  16 mana vipers
  An orc sorcerer (Orc:2)
  2 deep elf magi (D:15)
  6 cyclopes
  9 ugly things
  4 manticores
  12 salamanders
  Joseph (D:8)
  11 elephants
  10 guardian serpents
  42 black mambas
  21 naga magi
  A guardian serpent (shapeshifter) (D:15)
  20 spiny frogs
  A torpor snail (Lair:4)
  A centaur skeleton (D:11)
  2 gargoyles (D:13)
  2 komodo dragons
  An efreet (D:13)
  5 rime drakes
  6 trolls
  25 blink frogs
  A meliai (shapeshifter) (D:15)
  3 tyrant leeches
  27 slime creatures
  A jumping spider (shapeshifter) (D:15)
  5 hornets
  3 bog bodies
  11 dream sheep
  16 hippogriffs
  A spriggan (shapeshifter) (D:15)
  4 water elementals (D:13)
  A shadow (Swamp:2)
  5 wraiths
  5 spriggans
  39 yaks
  4 fire elementals (D:15)
  A wyvern (Lair:5)
  3 basilisks
  4 hogs (D:14)
  A steam dragon (D:12)
  8 swamp worms
  9 vampire mosquitoes
  2 wargs
  46 nagas
  5 insubstantial wisps (Swamp:2)
  4 hell hounds (D:15)
  15 water moccasins
  11 porcupines
  5 swamp drakes
  20 orc warriors
  3 sky beasts
  2 phantoms
  3 black bears
  34 ogres
  3 ice beasts
  11 centaurs
  A necrophage (D:12)
  6 wolves
  12 crocodiles
  2 big kobolds
  18 bullfrogs
  2 elf zombies (Ossuary)
  A wyvern zombie (D:6)
  A wyvern skeleton (D:9)
  5 scorpions
  A killer bee (D:8)
  A water moccasin skeleton (D:5)
  5 howler monkeys
  3 electric eels
  10 crimson imps
  2 bullfrog zombies
  A quasit (D:4)
  A bullfrog skeleton (D:11)
  2 hounds
  9 jellies
  2 centaur zombies
  6 orc priests
  20 orc wizards
  Jessica (D:2)
  10 hell rats (Lair:1)
  Ijyb (D:4)
  4 iguanas
  19 worker ants
  A big kobold zombie (Ossuary)
  A hound zombie (D:7)
  2 hound skeletons
  2 mummies (Ossuary)
  A howler monkey zombie (D:10)
  A worker ant zombie (D:5)
  6 gnolls
  2 howler monkey skeletons
  13 adders
  10 river rats (Lair:1)
  2 shadow imps
  3 adder zombies
  3 worms
  2 dart slugs (D:2)
  9 leopard geckos
  76 orcs
  11 giant cockroaches
  4 goblins
  11 hobgoblins
  4 jackals
  9 quokkas
  3 ball pythons
  5 bats
  6 frilled lizards
  A goblin zombie (Ossuary)
  8 hobgoblin zombies (Ossuary)
  A jackal zombie (Ossuary)
  14 kobolds
  8 kobold zombies (Ossuary)
  9 orc zombies (Ossuary)
  2 quokka zombies
  15 rats
  4 rat zombies (Ossuary)
  6 briar patches (Swamp:2)
  3 fungi
  3 plants
1078 creatures vanquished.

Vanquished Creatures (others)
  A spiny frog (Swamp:1)
  2 slime creatures (D:15)
  4 fungi
  4 plants
11 creatures vanquished.

Grand Total: 1089 creatures vanquished

Notes
Turn   | Place    | Note
-------+----------+-------------------------------------------
     0 | D:1      | MJtheKandyman the Minotaur Fighter began the quest for the Orb.
     0 | D:1      | Reached XP level 1. HP: 19/19 MP: 0/0
   131 | D:1      | Reached skill level 3 in Axes
   564 | D:1      | Reached XP level 2. HP: 20/26 MP: 1/1
   959 | D:2      | Reached skill level 4 in Axes
   995 | D:2      | Reached XP level 3. HP: 17/31 MP: 2/2
  1319 | D:2      | Noticed Jessica
  1329 | D:2      | Killed Jessica
  1329 | D:2      | Reached skill level 5 in Axes
  1329 | D:2      | Reached XP level 4. HP: 35/39 MP: 3/3
  1533 | D:2      | Found a faded altar of an unknown god.
  1759 | D:3      | Reached skill level 6 in Axes
  1988 | D:3      | Reached XP level 5. HP: 43/45 MP: 4/4
  2024 | D:3      | Noticed Grinder
  2551 | D:3      | Reached skill level 7 in Axes
  2759 | D:3      | Paralysed by Grinder for 6 turns
  3172 | D:4      | Reached XP level 6. HP: 47/51 MP: 5/5
  3213 | D:4      | Noticed Ijyb
  3234 | D:4      | Killed Ijyb
  3234 | D:4      | Reached skill level 8 in Axes
  3493 | D:4      | Reached skill level 9 in Axes
  3493 | D:4      | Reached XP level 7. HP: 44/57 MP: 6/6
  3669 | D:4      | Found an opulent altar of Gozag.
  3670 | D:4      | Found a white marble altar of Elyvilon.
  3671 | D:4      | Found a hazy altar of Hepliaklqana.
  3673 | D:4      | Found a shadowy altar of Dithmenos.
  3908 | D:5      | Entered Level 5 of the Dungeon
  4079 | D:5      | Found a sand-covered staircase.
  4091 | Ossuary  | Entered an ossuary
  4192 | Ossuary  | Reached skill level 10 in Axes
  4780 | D:5      | Reached skill level 11 in Axes
  4944 | D:5      | Reached XP level 8. HP: 42/64 MP: 7/7
  5173 | D:5      | Found a staircase to the Ecumenical Temple.
  5184 | Temple   | Entered the Ecumenical Temple
  5706 | D:5      | Found a radiant altar of Vehumet.
  6081 | D:5      | Reached skill level 12 in Axes
  6903 | D:6      | Found a burning altar of Makhleb.
  6924 | D:6      | Reached skill level 13 in Axes
  7048 | D:6      | Became a worshipper of Makhleb the Destroyer
  7927 | D:7      | Reached XP level 9. HP: 70/70 MP: 8/8
  7951 | D:7      | Reached skill level 1 in Evocations
  7959 | D:7      | Got a pair of transparent boots
  8168 | D:7      | Found a stormy altar of Qazlal.
  8206 | D:7      | Reached * piety under Makhleb
  8659 | D:8      | Found an ancient bone altar of Kikubaaqudgha.
  8660 | D:8      | Noticed Joseph
  8691 | D:8      | Killed Joseph
  8865 | D:8      | Reached skill level 5 in Evocations
  9187 | D:8      | Found a runed door.
  9200 | D:8      | Found a runed door.
  9670 | D:8      | Found a blossoming altar of Fedhas.
  9672 | D:8      | Found a shattered altar of Ashenzari.
  9681 | D:8      | Found a sacrificial altar of Ru.
 10210 | D:9      | Reached XP level 10. HP: 71/78 MP: 14/14
 10227 | D:9      | Found a deep blue altar of Sif Muna.
 10292 | D:9      | Noticed a two-headed ogre
 10300 | D:9      | Killed a two-headed ogre
 10606 | D:10     | Entered Level 10 of the Dungeon
 10685 | D:10     | Noticed a two-headed ogre
 10693 | D:10     | Killed a two-headed ogre
 10923 | D:9      | Reached ** piety under Makhleb
 11018 | D:10     | Found a staircase to the Lair.
 11337 | D:10     | Reached skill level 10 in Fighting
 11875 | D:10     | Found a shadowy altar of Dithmenos.
 11937 | D:10     | Noticed Josephine
 11946 | D:10     | Killed Josephine
 11946 | D:10     | Reached XP level 11. HP: 75/103 MP: 15/15
 13158 | D:10     | Identified the +0 pair of boots of the Hills {Regen+ rCorr Str+3} (You found it on level 7 of the Dungeon)
 13273 | D:10     | Reached skill level 5 in Armour
 13371 | D:11     | Reached *** piety under Makhleb
 14003 | D:12     | Found a staircase to the Orcish Mines.
 14068 | D:12     | Noticed Harold
 14115 | D:12     | HP: 4/105 [acid (5)]
 14282 | D:11     | Gained mutation: You tend to lose your temper in combat. [potion of mutation]
 14282 | D:11     | Lost mutation: You tend to lose your temper in combat. [potion of mutation]
 14582 | Lair:1   | Entered Level 1 of the Lair of Beasts
 14746 | Lair:1   | Reached skill level 1 in Dodging
 14853 | Lair:1   | Reached **** piety under Makhleb
 15290 | Lair:1   | Noticed Phong's ghost (journeyman OpEE)
 15304 | Lair:1   | Killed Phong's ghost
 15304 | Lair:1   | Reached skill level 10 in Armour
 15304 | Lair:1   | Reached XP level 12. HP: 113/113 MP: 16/16
 15381 | Lair:1   | Got a distressingly furry scarf
 16148 | Lair:2   | Reached skill level 5 in Dodging
 16451 | Lair:2   | Noticed a six-headed hydra
 16462 | Lair:2   | Killed a six-headed hydra
 16851 | Lair:3   | Reached skill level 14 in Axes
 16915 | Lair:3   | Found a staircase to the Swamp.
 17246 | Lair:3   | Noticed a four-headed hydra
 17256 | Lair:3   | Killed a four-headed hydra
 17256 | Lair:3   | Reached skill level 15 in Axes
 17348 | Lair:3   | Found a staircase to the Snake Pit.
 17659 | Lair:4   | Reached ***** piety under Makhleb
 17776 | Lair:4   | Reached XP level 13. HP: 119/119 MP: 17/17
 17957 | Lair:4   | Reached skill level 16 in Axes
 18853 | Lair:5   | Reached skill level 17 in Axes
 19544 | Orc:1    | Entered Level 1 of the Orcish Mines
 19663 | D:12     | Found a shimmering altar of Xom.
 19822 | D:12     | Noticed Nergalle
 19838 | D:12     | Killed Nergalle
 20036 | D:12     | Killed Harold
 20036 | D:12     | Reached skill level 18 in Axes
 20581 | Orc:2    | Entered Level 2 of the Orcish Mines
 20640 | Orc:2    | Found a staircase to the Elven Halls.
 20983 | Orc:2    | Reached skill level 19 in Axes
 20987 | Orc:2    | Reached ****** piety under Makhleb
 20989 | Orc:2    | Reached XP level 14. HP: 127/127 MP: 18/18
 21004 | Orc:2    | Reached skill level 20 in Axes
 21037 | Orc:2    | Found Mubiv's Food Shop.
 21037 | Orc:2    | Found Qoanuet's Food Emporium.
 21042 | Orc:2    | Found Syopt's Book Emporium.
 21042 | Orc:2    | Found Ydwo Taf's Jewellery Boutique.
 21326 | Orc:1    | Found Ryxul's Assorted Antiques.
 21885 | Lair:6   | Entered Level 6 of the Lair of Beasts
 21932 | Lair:6   | Found a staircase to the Slime Pits.
 22005 | Lair:6   | Noticed letownia2's ghost (journeyman DDNe)
 22038 | Lair:6   | Killed letownia2's ghost
 22405 | Lair:6   | Reached skill level 10 in Dodging
 23312 | D:13     | Noticed Nessos
 23561 | D:13     | Reached XP level 15. HP: 134/134 MP: 19/19
 23573 | D:13     | Noticed Rupert
 23603 | D:13     | Killed Rupert
 23914 | D:13     | Found a gate to the Vaults.
 24791 | D:14     | Noticed Kirke
 24809 | D:14     | Killed Kirke
 24809 | D:14     | Reached skill level 15 in Fighting
 24976 | D:15     | Entered Level 15 of the Dungeon
 24976 | D:15     | Noticed Urug
 24984 | D:15     | Killed Urug
 25246 | D:15     | Reached skill level 21 in Axes
 25308 | D:15     | Noticed Azrael
 25319 | D:15     | Killed Azrael
 25343 | D:15     | Found a staircase to the Depths.
 25382 | D:15     | Noticed Roxanne
 26061 | Snake:1  | Entered Level 1 of the Snake Pit
 26073 | Snake:1  | Noticed Aizul
 26104 | Snake:1  | Killed Aizul
 26732 | Snake:1  | Got a jet-encrusted ring mail
 27255 | Snake:2  | Reached XP level 16. HP: 146/151 MP: 20/20
 27387 | Snake:2  | Found a shadowy altar of Dithmenos.
 27747 | Snake:2  | You fall through a shaft!
 27800 | Snake:2  | Found Bulizukast's Antique Armour Shop.
 28443 | Snake:3  | Found Ygiwkil's General Store.
 28511 | Snake:3  | Bought a potion of heal wounds for 65 gold pieces
 28511 | Snake:3  | Bought a scroll of brand weapon for 260 gold pieces
 28932 | Snake:3  | Found Teimups's Assorted Antiques.
 28958 | Snake:3  | Bought a potion of curing for 99 gold pieces
 28958 | Snake:3  | Bought a scroll of blinking for 247 gold pieces
 29052 | Snake:3  | Found Ygepp's Food Shoppe.
 29091 | Snake:3  | Reached skill level 15 in Armour
 29093 | Snake:3  | Found Qiotreh's Weapon Shop.
 29510 | Snake:3  | Found Celiw's Book Shop.
 30028 | Snake:4  | Entered Level 4 of the Snake Pit
 30342 | Snake:4  | Reached XP level 17. HP: 157/162 MP: 21/21
 31166 | Snake:4  | Got a serpentine rune of Zot
 31584 | Swamp:1  | Entered Level 1 of the Swamp
 31604 | Swamp:1  | Identified a scroll of acquirement
 32654 | Swamp:2  | Reached skill level 22 in Axes
 32683 | Swamp:2  | Reached XP level 18. HP: 176/176 MP: 22/22
 33434 | Swamp:3  | Noticed Jorgrun
 33459 | Swamp:3  | Killed Jorgrun
 33469 | Swamp:3  | Noticed Bai Suzhen
 33550 | Swamp:3  | Killed from afar by Bai Suzhen

Skill      XL: |  1  2  3  4  5  6  7  8  9 10 11 12 13 14 15 16 17 |
---------------+----------------------------------------------------+-----
Axes           | 3 4 5 6 7 9 11 13 15 19 20 21 22 | 22.5
Evocations     | 7 |  7.0
Fighting       | 4 11 12 15 17 19 | 19.0
Armour         | 10 11 13 14 16 17 | 17.8
Dodging        | 3 7 10 12 | 12.2
Shields        | |  3.6

Action                   |  1- 3 |  4- 6 |  7- 9 | 10-12 | 13-15 | 16-18 || total
-------------------------+-------+-------+-------+-------+-------+-------++-------
Melee: War axe           |    64 |   147 |   422 |   687 |   445 |       ||  1765
       Headbutt          |    11 |    19 |    86 |   228 |   356 |   230 ||   930
       Flail             |       |       |       |    11 |    32 |    21 ||    64
       Battleaxe         |       |       |       |       |   627 |   610 ||  1237
       Executioner's axe |       |       |       |       |       |   196 ||   196
Throw: Throwing net      |       |       |       |       |     1 |       ||     1
 Abil: Evoke Berserk Rag |       |       |     3 |     5 |     2 |       ||    10
  Use: Potion            |       |     1 |       |    11 |     4 |     4 ||    20
       Scroll            |       |       |    12 |     1 |     4 |    21 ||    38
  Eat: Chunk             |     1 |     7 |    11 |    11 |    16 |     6 ||    52
       Royal jelly       |       |       |     1 |     1 |       |     1 ||     3
       Meat ration       |       |       |     2 |     3 |     3 |     2 ||    10
       Fruit             |       |       |     2 |       |     2 |     8 ||    12
Armor: Scale mail        |    24 |    65 |    90 |    42 |       |       ||   221
       Gold dragon scale |       |       |       |   328 |   627 |   575 ||  1530
Dodge: Dodged            |    21 |    47 |    69 |   119 |   380 |   512 ||  1148
Block: Shield            |    34 |    81 |   139 |   276 |   199 |       ||   729
